AoeStats
← Blyad _Mann

Arena

510304241Analyzed
4v4 RM · 2d ago on Sep 30, 2026· 41m 25s· 8 players
Game mode
Random Map
Map size
Large (8 player)
Population
200
Speed
Normal
Resources
Standard
Victory
Conquest
Starting age
Dark Age
Ending age
Imperial Age
RankedLock teamsTeams togetherTeam positionsShared explorationLock speedFull tech treeHidden civsTurbo modeCheats
Victory
Defeat
🇨🇳 Koreans · China
1020
+16
🇹🇼 Danes · Taiwan
987
+17
🇮🇳 Cumans · India
969
+18
🇨🇳 Spanish · China
954
+18
🇫🇷 Franks · France
1033
-18
🇹🇷 Saracens · Türkiye
1025
-18
🇳🇱 Varangians · Netherlands
993
-17
🇫🇷 Sicilians · France
974
-16
Blyad _Mann
0:27 Loom
12:25 Feudal Age
13:41 Horse Collar
13:48 Double-Bit Axe
18:39 Castle Age
17:32 Gold Mining
17:32 Stone Mining
17:39 Stone Mining
19:57 Bow Saw
22:15 Wheelbarrow
24:28 Heavy Plow
26:28 Hand Cart
30:30 Imperial Age
28:38 Scale Mail Armor
28:48 Forging
29:36 Chain Mail Armor
29:27 Scale Barding Armor
30:11 Squires
29:56 Gambesons
30:42 Gothikon
31:43 Conscription
32:14 Iron Casting
32:09 Plate Mail Armor
33:09 Vendel Legacy
35:34 Bloodlines
34:45 Cavalier
35:29 Husbandry
36:02 Plate Mail Armor
36:32 Blast Furnace
35:54 Chain Barding Armor
38:16 Elite Varangian Guard
38:51 Light Cavalry
lhurgoyf
5:28 Loom
12:10 Feudal Age
14:09 Double-Bit Axe
18:29 Fletching
18:40 Padded Archer Armor
Kaila
10:16 Feudal Age
14:26 Castle Age
13:58 Double-Bit Axe
17:13 Bow Saw
18:32 Gold Mining
25:36 Imperial Age
24:51 Husbandry
25:12 Forging
25:43 Cavalier
32:15 Scale Barding Armor
32:43 Loom
33:40 Iron Casting
36:54 Chain Barding Armor
37:31 Paladin
Mystic Boy
kwik
9:52 Feudal Age
9:10 Loom
18:33 Wheelbarrow
17:43 Town Watch
23:08 Castle Age
21:46 Scale Barding Armor
21:51 Forging
22:24 Gold Mining
23:40 Bloodlines
24:06 Town Patrol
24:21 Hand Cart
24:07 Double-Bit Axe
24:05 Horse Collar
30:50 Gold Shaft Mining
30:06 Stone Mining
35:32 Imperial Age
33:24 Chain Barding Armor
33:40 Iron Casting
35:39 Cavalier
36:55 Plate Barding Armor
37:21 Blast Furnace
37:10 Paladin
38:25 Bow Saw
38:18 Heavy Plow
38:58 Murder Holes
39:24 Ballistics
39:46 Conscription
39:27 Steppe Husbandry
dailing510
11:04 Feudal Age
15:35 Castle Age
14:12 Double-Bit Axe
17:25 Bow Saw
25:44 Wheelbarrow
24:56 Loom
27:08 Hand Cart
27:19 Stone Mining
27:19 Gold Mining
28:59 Squires
28:22 Pikeman
34:24 Imperial Age
32:54 Arson
33:20 Hamask
33:51 Gambesons
34:50 Horse Collar
34:54 Halberdier
35:12 Capped Ram
36:55 Conscription
37:07 Forging
36:58 Scale Mail Armor
37:47 Elite Varangian Guard
41:23 Heavy Plow
42:28 Iron Casting
42:09 Chain Mail Armor
开局一片田
10:44 Feudal Age
14:56 Castle Age
12:57 Double-Bit Axe
13:42 Horse Collar
16:37 Loom
19:17 Bow Saw
20:07 Padded Archer Armor
27:13 Gold Mining
29:37 Wheelbarrow
31:16 Husbandry
31:26 Bloodlines
31:13 Stone Mining
31:28 Heavy Plow
32:01 Hand Cart
38:45 Imperial Age
37:06 Town Watch
37:37 Leather Archer Armor
38:39 Stone Shaft Mining
39:16 Elite Conquistador
40:16 Conscription
40:33 Ring Archer Armor
41:58 Two-Man Saw
JJ-boom
Connection lost

Rejoining the realm…

Still unreachable

The connection could not be restored.

Session expired

The server has moved on; the page needs a fresh start.